 Dungeon Crawl Stone Soup version 0.25.1-2-g60ff931df9 (webtiles) character file.

Game seed: 11984114913646593972

1266 DearestLeader the Destroyer (level 8, -1/57 HPs)
             Began as a Black Draconian Conjurer on Oct 31, 2020.
             Was a Follower of Vehumet.
             Shot with an arrow by a centaur (2 damage)
             ... on level 5 of the Dungeon on Nov 1, 2020.
             The game lasted 00:14:10 (6014 turns).

DearestLeader the Destroyer (DrCj)                  Turns: 6014, Time: 00:14:10

Health: -1/57      AC:  5    Str: 10    XL:     8   Next: 27%
Magic:  5/12       EV: 12    Int: 18    God:    Vehumet [*.....]
Gold:   317        SH:  0    Dex: 18    Spells: 5/12 levels left

rFire    . . .     SeeInvis .   d - +0 dagger
rCold    . . .     Gourm    .   (no shield)
rNeg     . . .     Faith    .   (armour unavailable)
rPois    .         Spirit   .   f - +0 hat
rElec    +         Reflect  .   n - -2 cloak
rCorr    .         Harm     .   (no gloves)
MR       .....                  (no boots)
Stlth    ++........             (no amulet)
HPRegen  0.19/turn              y - +6 ring of dexterity
MPRegen  0.13/turn              (no ring)

@: marked
A: breathe lightning, unfitting armour, electricity resistance, cold-blooded, AC
+6
a: Breathe Lightning, Renounce Religion


You were on level 5 of the Dungeon.
You worshipped Vehumet.
Vehumet was aware of your devotion.
You were not hungry.

You visited 1 branch of the dungeon, and saw 5 of its levels.

You collected 317 gold pieces.

Inventory:

Hand Weapons
 d - a +0 dagger (weapon)
Missiles
 j - 13 boomerangs (quivered)
Armour
 f - a +0 hat (worn)
 n - a -2 cloak (worn)
 w - a +0 robe
Jewellery
 i - an uncursed amulet of faith
 y - a +6 ring of dexterity (left hand)
Wands
 q - a wand of enslavement (8)
 r - a wand of disintegration (11)
 s - a wand of flame (43)
Scrolls
 c - 3 scrolls of blinking
 e - 2 scrolls of identify
 g - 5 scrolls of amnesia
 h - a scroll of remove curse
 k - a scroll of fog {unknown}
 l - 3 scrolls of teleportation {unknown}
 m - 2 scrolls of immolation {unknown}
 v - a scroll of enchant armour {unknown}
Potions
 o - a potion of heal wounds
 p - a potion of might {unknown}
 t - a potion of invisibility
 u - a potion of flight
Comestibles
 a - 9 chunks of flesh
 b - 11 rations


   Skills:
 - Level 1.7 Dodging
 - Level 1.7 Stealth
 + Level 2.9 Spellcasting
 * Level 9.4 Conjurations
 * Level 4.1 Hexes


You had 5 spell levels left.
You knew the following spells:

 Your Spells              Type           Power        Failure   Level  Hunger
a - Magic Dart            Conj           ####         1%          1    None
b - Searing Ray           Conj           #####.       1%          2    ##.....
c - Fulminant Prism       Conj/Hex       ####......   10%         4    ####...

Your spell library contained the following spells:

 Spells                   Type           Power        Failure   Level  Hunger
 Freeze                   Ice            #...         17%         1    None
 Dazzling Flash           Conj/Hex       ####..       3%          3    ###....
 Iskenderun's Mystic Bla  Conj/Tloc      ###.....     24%         4    ####...


Dungeon Overview and Level Annotations

Branches:
Dungeon (5/15)             Temple (0/1) D:5

Altars:
Cheibriados
Nemelex Xobeh
Okawaru
Vehumet
Wu Jian
Yredelemnul


Innate Abilities, Weirdness & Mutations

You can breathe wild blasts of lightning.
Your glossy black scales are hard. (AC +6)
You cannot fit into any form of body armour.
You are resistant to electric shocks. (rElec)
You are cold-blooded and may be slowed by cold attacks.


Message History

The bullfrog skeleton completely misses you.
The searing ray hits the bullfrog skeleton!
You destroy the bullfrog skeleton!
Vehumet accepts your kill.
You finish channeling your searing ray.
A centaur comes into view. It is wielding a +0 dagger.
The centaur unwields a +0 dagger.
The centaur wields a +1 vorpal shortbow.
The centaur shoots an arrow.
The arrow hits you!
An orc comes into view.
The centaur shoots an arrow.
The arrow hits you!
You see here an arrow.
The centaur shoots an arrow.
The arrow hits you.
* * * LOW HITPOINT WARNING * * *
You see here an arrow.
The centaur shoots an arrow.
The arrow hits you.
* * * LOW HITPOINT WARNING * * *
x2 The centaur shoots an arrow.
The arrow hits you!
* * * LOW HITPOINT WARNING * * *
You die...

......##....).##.#
.#...#....###.##.##
.....#.....##)#...##
####........#).....########
##.........#............
###.....#.##.#.########
##...##.##....#
##.###.......# #.#
####@...# #.# ##.(.### #
#.# ##..(..## ##.
#.###.......##
###...#^##.........#
......c.c'..(......+
###...#.##.........# ##.
#.###.......## # #.#
##.....##


You could see a centaur.

Vanquished Creatures
  Menkaure (D:5)
  A phantom (D:5)
  4 ogres (D:4)
  2 bullfrogs (D:5)
  3 scorpions (D:4)
  A hound (D:4)
  2 orc wizards
  2 bullfrog skeletons
  Terence (D:2)
  3 iguanas
  A worker ant (D:5)
  8 adders
  An ooze (D:1)
  2 worms (D:3)
  A leopard gecko (D:3)
  11 orcs
  6 giant cockroaches
  9 goblins
  5 hobgoblins
  7 jackals (D:3)
  2 quokkas
  6 bats
  4 frilled lizards
  5 kobolds
  12 rats
  A spectral orc (D:3)
101 creatures vanquished.

Vanquished Creatures (others)
  An orc (D:4)
  4 toadstools (D:2)
5 creatures vanquished.

Grand Total: 106 creatures vanquished

Notes
Turn   | Place    | Note
-------+----------+-------------------------------------------
     0 | D:1      | DearestLeader the Draconian Conjurer began the quest for
                  | the Orb.
     0 | D:1      | Reached XP level 1. HP: 14/14 MP: 3/3
   205 | D:1      | Reached XP level 2. HP: 20/20 MP: 1/5
   697 | D:1      | Reached skill level 5 in Conjurations
   849 | D:1      | Reached XP level 3. HP: 26/26 MP: 3/6
  1171 | D:2      | Found a snail-covered altar of Cheibriados.
  1211 | D:2      | You fall into a shaft and drop 2 floors!
  1286 | D:4      | Reached XP level 4. HP: 10/33 MP: 7/7
  1293 | D:4      | Learned a level 2 spell: Searing Ray
  1305 | D:4      | Reached skill level 6 in Conjurations
  1547 | D:4      | Noticed an ogre
  1560 | D:4      | Killed an ogre
  1560 | D:4      | Reached XP level 5. HP: 38/38 MP: 0/8
  1656 | D:4      | Reached skill level 7 in Conjurations
  1793 | D:4      | Noticed an ogre
  1798 | D:4      | Killed an ogre
  1798 | D:4      | Reached XP level 6. HP: 45/45 MP: 4/9
  1925 | D:4      | Reached skill level 8 in Conjurations
  2211 | D:2      | Found a radiant altar of Vehumet.
  2213 | D:2      | Found a sparkling altar of Nemelex Xobeh.
  2222 | D:2      | Became a worshipper of Vehumet
  2272 | D:2      | Learned a level 4 spell: Fulminant Prism
  2360 | D:2      | Found an ornate altar of the Wu Jian Council.
  2390 | D:2      | Found an iron altar of Okawaru.
  2449 | D:2      | Noticed Terence
  2459 | D:2      | Killed Terence
  2657 | D:2      | Found a faded altar of an unknown god.
  3056 | D:3      | Found a basalt altar of Yredelemnul.
  3176 | D:3      | Reached skill level 1 in Hexes
  3633 | D:3      | Your scales start taking on a glossy black colour.
  3633 | D:3      | Reached XP level 7. HP: 49/50 MP: 10/10
  3633 | D:3      | Gained mutation: You are resistant to electric shocks.
                  | (rElec) [Black Draconian growth]
  3672 | D:3      | Reached * piety under Vehumet
  3672 | D:3      | Offered knowledge of Freeze by Vehumet.
  5053 | D:5      | Entered Level 5 of the Dungeon
  5278 | D:5      | Reached skill level 9 in Conjurations
  5550 | D:5      | Found a staircase to the Ecumenical Temple.
  5562 | D:5      | Found a radiant altar of Vehumet.
  5599 | D:5      | Reached XP level 8. HP: 16/57 MP: 0/11
  5993 | D:5      | Noticed Menkaure
  5998 | D:5      | Killed Menkaure
  6014 | D:5      | HP: 1/57 [centaur/arrow (8)]
  6014 | D:5      | Shot with an arrow by a centaur

Illustrated notes

Levels and vault maps discovered:
D:1:      nicolae_arrival_memento_mori, layout_basic
D:2:      layout_rooms, lemuel_crystal_altar,
          gammafunk_temple_overflow_forgotten, kennysheep_okawaru_gauntlet,
          chequers_ecumenical_altar_grove, minmay_statues_item,
          minmay_gold_behind_fungi, grunt_decor_one_mirror, uniq_terence
D:3:      layout_basic, yredelemnul_forgotten_temple_becter
D:4:      layout_gridville, first_ration, nrook_uturn
D:5:      layout_loops_corners, bloody_trog, minmay_temple_entry_gardened_gates,
          vehumet_altar_wand_db, uniq_menkaure

Skill      XL: |  1  2  3  4  5  6  7  8 |
---------------+-------------------------+-----
Conjurations   | 5 6 7 8 9 |  9.4
Hexes          | 1 3 4 |  4.1
Dodging        | |  1.7
Stealth        | |  1.7
Spellcasting   | |  2.9

Action                   |  1- 3 |  4- 6 |  7- 9 || total
-------------------------+-------+-------+-------++-------
Melee: Unarmed           |     8 |       |       ||     8
       Tailslap          |     1 |     7 |     4 ||    12
       Dagger            |    44 |    84 |   106 ||   234
Throw: Boomerang         |    10 |       |       ||    10
 Cast: Magic Dart        |    41 |    11 |     8 ||    60
       Searing Ray       |       |    20 |    22 ||    42
 Abil: Breathe Lightning |       |       |     2 ||     2
Evoke: Wand              |     1 |     1 |     1 ||     3
  Use: Potion            |     5 |       |     1 ||     6
       Scroll            |     2 |     2 |     1 ||     5
 Stab: Sleeping          |     4 |     4 |     1 ||     9
  Eat: Chunk             |     2 |     9 |     9 ||    20
Armor: Skin              |    34 |    55 |    67 ||   156
Dodge: Dodged            |    52 |    94 |    88 ||   234
